 Dungeon Crawl Stone Soup version 0.29-a0-352-g0917bc69df (webtiles) character file.

Game seed: 10519547865365757054

303 Lekart the Skirmisher (level 6, -1/58 HPs)
             Began as a Draconian Chaos Knight on Apr 24, 2022.
             Was a Plaything of Xom.
             Slain by an ogre
             ... wielding a +0 giant spiked club
              (34 damage)
             ... on level 5 of the Dungeon.
             The game lasted 00:09:28 (3469 turns).

Lekart the Skirmisher (Draconian Chaos Knight)      Turns: 3469, Time: 00:09:29

Health: -1/58      AC:  7    Str: 14    XL:     6   Next: 15%
Magic:  6/6        EV: 10    Int: 13    God:    Xom [.....*]
Gold:   64         SH: 10    Dex: 12    Spells: 4/6 levels left

rFire   . . .      SeeInvis .   a - +1 falchion (vamp)
rCold   . . .      Faith    .   p - +2 kite shield
rNeg    . . .      Spirit   .   (body armour unavailable)
rPois   .          Reflect  .   (helmet restricted)
rElec   .          Harm     .   (no cloak)
rCorr   .          Rampage  +   (no gloves)
Will    +....                   d - +0 pair of boots {rampage}
Stlth   +.........              (no amulet)
HPRegen 0.19/turn               (no ring)
MPRegen 0.10/turn               (no ring)

@: no status effects
A: AC +6, unfitting armour, cold-blooded, strong-willed 1
a: Renounce Religion


You were on level 5 of the Dungeon.
You worshipped Xom.
You were Xom's teddy bear.
You visited 1 branch of the dungeon, and saw 5 of its levels.

You collected 202 gold pieces.
You spent 138 gold pieces at shops.

Inventory:

Hand Weapons
 a - a +1 vampiric falchion (weapon)
Missiles
 l - a throwing net
Armour
 d - a +0 pair of boots of rampaging (worn)
 n - a scarf of harm
 p - a +2 kite shield (worn)
Scrolls
 c - a scroll of amnesia
 f - a scroll of fear
Potions
 g - a potion of haste
 k - 3 potions of brilliance
 m - a potion of resistance
Miscellaneous
 b - a piece from Xom's chessboard (2/15) (quivered)


   Skills:
 + Level 6.4 Fighting
 - Level 3.0 Long Blades
 + Level 2.2 Dodging
 * Level 2.8 Shields
 * Level 0.6 Spellcasting
 * Level 0.5 Hexes
 * Level 0.9 Ice Magic


You had 4 spell levels left.
You knew the following spells:

 Your Spells              Type           Power      Damage    Failure   Level
a - Ensorcelled Hibernat  Hex/Ice        4%         N/A       71%         2

Your spell library contained the following spells:

 Spells                   Type           Power      Damage    Failure   Level
 Spider Form              Tmut/Pois      0%         N/A       96%         3
 Anguish                  Hex/Necr       0%         N/A       100%        4


Dungeon Overview and Level Annotations

Branches:
Dungeon (5/15)             Temple (0/1) D:5

Altars:
Dithmenos
Gozag
Makhleb
Ru
Uskayaw
Vehumet
Xom
The Shining One

Shops:
D:4 [

Annotations:
D:3 exclusion: downstairs


Innate Abilities, Weirdness & Mutations

Your plain brown scales are hard. (AC +6)
You cannot fit into any form of body armour.
You are cold-blooded and may be slowed by cold attacks.
You are strong-willed. (Will+)


Message History

You block the phantom's attack.
You closely miss the phantom.
The phantom is heavily damaged.
The phantom hits you.
The phantom blinks!
You blink.
You hit the phantom. You tail-slap the phantom.
The phantom is severely damaged.
You block the phantom's attack.
The phantom hits you but does no damage.
You hit the phantom.
The phantom is severely damaged.
The phantom stops glowing.
The phantom barely misses you.
You hit the phantom.
The phantom is almost destroyed.
The phantom hits you.
You closely miss the phantom.
The phantom is almost destroyed.
You block the phantom's attack.
The phantom hits you but does no damage.
You barely miss the phantom.
The phantom is almost destroyed.
The phantom hits you.
You hit the phantom.
You destroy the phantom!
You feel your dexterity returning.
Your piece from Xom's chessboard (2/15) has regained two charges.
You have reached level 6!
Your scales feel tougher.
Unknown command.
Found 15 gold pieces.
An ogre comes into view. It is wielding a +0 giant spiked club.
The ogre shouts!
The ogre moves out of view.
The ogre hits you with a +0 giant spiked club.
You hit the ogre but do no damage. The ogre barely misses you.
You barely miss the ogre. You tail-slap the ogre.
The ogre is lightly wounded.
The ogre hits you with a +0 giant spiked club!!
Ouch! That really hurt!
You die...
Xom howls with laughter!

#. #.# # #.# .# ###
##.## ###. ..###...##
#.. #.##.....## ###.#
#.#.......####.#.# #
#..$........#.#..#.#####
###.......#..###@.......
##.....##$..#O...###..
##..........#.###
##.#########.# ### #.#
#.# #.# #..


You could see an ogre.

Vanquished Creatures
  A black bear (D:3)
  A phantom (D:5)
  A hound (D:5)
  An orc priest (D:4)
  3 gnolls (D:2)
  7 orcs
  5 bats
  3 endoplasms
  A giant cockroach (D:2)
  3 goblins
  2 hobgoblins
  4 quokkas
  6 ball pythons
  2 frilled lizards
  4 kobolds (D:3)
  4 rats
48 creatures vanquished.

Vanquished Creatures (others)
  3 plants (D:2)
3 creatures vanquished.

Grand Total: 51 creatures vanquished

Notes
Turn   | Place    | Note
-------+----------+-------------------------------------------
     0 | D:1      | Lekart the Draconian Chaos Knight began the quest for the
                  | Orb.
     0 | D:1      | Reached XP level 1. HP: 19/19 MP: 1/1
   217 | D:1      | XOM: divination: detect creatures
   222 | D:1      | Reached XP level 2. HP: 27/27 MP: 2/2
   270 | D:1      | Reached skill level 4 in Fighting
   493 | D:1      | Gained mutation: You are strong-willed. (Will+) [potion of
                  | mutation]
   503 | D:1      | XOM: silly message
   718 | D:2      | Identified the +3 hunting sling "Liblasch" {freeze, Dex+3}
   925 | D:2      | Found a faded altar of an unknown god.
  1095 | D:1      | XOM: cloud trail
  1354 | D:2      | Found a burning altar of Makhleb.
  1427 | D:2      | Reached XP level 3. HP: 20/34 MP: 3/3
  1442 | D:2      | XOM: noise
  1450 | D:2      | XOM: divination: detect items
  1471 | D:2      | Reached skill level 1 in Shields
  2046 | D:3      | Reached skill level 5 in Fighting
  2062 | D:3      | Found a glowing golden altar of the Shining One.
  2150 | D:3      | Noticed a black bear
  2165 | D:3      | Killed a black bear
  2166 | D:3      | Reached XP level 4. HP: 27/44 MP: 4/4
  2166 | D:3      | Reached XP level 5. HP: 31/50 MP: 5/5
  2611 | D:3      | Found a sacrificial altar of Ru.
  2711 | D:3      | XOM: scenery: create altars
  2866 | D:4      | Reached skill level 6 in Fighting
  3176 | D:4      | Learned a level 2 spell: Ensorcelled Hibernation
  3186 | D:4      | Found Fazoduec's Armour Shoppe.
  3202 | D:4      | Bought a +0 pair of boots of rampaging for 138 gold pieces
  3219 | D:4      | Noticed an orc warrior
  3292 | D:4      | Found a hide-covered altar of Uskayaw.
  3296 | D:4      | Found an opulent altar of Gozag.
  3298 | D:4      | Found a radiant altar of Vehumet.
  3298 | D:4      | Found a shadowy altar of Dithmenos.
  3390 | D:5      | Entered Level 5 of the Dungeon
  3390 | D:5      | Found a staircase to the Ecumenical Temple.
  3440 | D:5      | Noticed a phantom
  3440 | D:5      | XOM: enchant monster (good)
  3450 | D:5      | XOM: stat loss: -1 Dex (11/12)
  3458 | D:5      | Killed a phantom
  3459 | D:5      | Reached XP level 6. HP: 37/58 MP: 6/6
  3469 | D:5      | Slain by an ogre

Illustrated notes

Levels and vault maps discovered:
D:1:      dpeg_arrival_tiny_h, layout_loops_cross
D:2:      layout_loops_cross, shapermc_ecumenical_altar_ellora, basic_altar,
          due_unseen_surprise
D:3:      layout_loops_ring, nicolae_ru_the_path_less_chosen,
          mainiacjoe_overflow_brackets
D:4:      layout_loops_ring, minitemple, serial_shops, shop
D:5:      layout_loops_ring, nicolae_overflow_hidden_temple,
          minmay_temple_entry_from_below_a, gup_sewer_entry_bowl, serial_shops,
          shop_fountains

Skill      XL: |  1  2  3  4  5 |
---------------+----------------+-----
Fighting       | 4 5 6 |  6.4
Shields        | 2 |  2.8
Long Blades    | |  3.0
Dodging        | |  2.2
Spellcasting   | |  0.6
Hexes          | |  0.5
Ice Magic      | |  0.9

Action                   |  1- 3 |  4- 6 || total
-------------------------+-------+-------++-------
Melee: Falchion          |   104 |    69 ||   173
       Tailslap          |    16 |    11 ||    27
Evoke: Piece from Xom's  |    16 |     8 ||    24
  Use: Potion            |     6 |     2 ||     8
       Scroll            |     9 |     1 ||    10
 Stab: Sleeping          |     2 |     1 ||     3
       Confused          |     1 |       ||     1
       Petrified         |     3 |       ||     3
Armor: Skin              |    38 |    13 ||    51
Dodge: Dodged            |    52 |    14 ||    66
Block: Kite shield       |    23 |    36 ||    59

Table legend: (Time is in decaauts)
 A = Elapsed time spent in this place.
 B = Non-inter-level travel time spent in this place.
 C = Inter-level travel time spent in this place.
 D = Time resting spent in this place.
 E = Time spent auto-exploring this place.
 F = Levels seen in this place.
 G = Mean time per level.
                   A        B        C        D        E       F      G
               +--------+--------+--------+--------+--------+-----+--------+
         Total |   3523 |   3292 |    231 |    705 |   1676 |   5 |  704.6 |
       Dungeon |   3523 |   3292 |    231 |    705 |   1676 |   5 |  704.6 |
               +--------+--------+--------+--------+--------+-----+--------+

Top non-repeatable levels by time:
     D:3: 1228 daAuts
     D:1: 1013 daAuts
     D:2: 887 daAuts
     D:4: 310 daAuts
     D:5: 83 daAuts
